 Dungeon Crawl Stone Soup version 0.31-a0-1611-g890cdf5628 (webtiles) character file.

Game seed: 17488580141625242816

18571 Newt the Hermetic (level 12, -6/85 HPs)
             Began as a Merfolk Gladiator on Jan 8, 2024.
             Was a Priest of Hepliaklqana.
             Shot with an arrow by a centaur warrior (27 damage)
             ... on level 13 of the Dungeon.
             The game lasted 00:17:48 (12005 turns).

Newt the Hermetic (Merfolk Gladiator)              Turns: 12005, Time: 00:17:48

Health: -6/85      AC:  8    Str: 15    XL:     12   Next: 59%
Magic:  21/22      EV: 25    Int: 15    God:    Hepliaklqana [***...]
Gold:   419        SH:  0    Dex: 24    Spells: 13/24 levels left

rFire   . . .        A - +6 long sword "Ymeekk" {freeze, Will+ Str-2 Int+3 Dex+2}
rCold   + . .        (no shield)
rNeg    . . .        L - +2 robe of the Game of Kings {rC+ Regen+}
rPois   .            c - +0 helmet
rElec   .            H - +2 cloak {rCorr}
rCorr   +            (no gloves)
SInv    .            (no boots)
Will    +....        U - amulet "Leoceda" {+Inv Regen+ Int+3}
Stlth   ++           f - +6 ring of dexterity
HPRegen 1.94/turn    k - +5 ring of evasion
MPRegen 0.18/turn

%: no passive effects
@: no status effects
A: reduced essence, (nimble swimmer 2), mertail
a: Renounce Religion, Evoke Invisibility, Recall Ancestor, Ancestor Identity,
Transference


You were on level 13 of the Dungeon.
You worshipped Hepliaklqana.
Hepliaklqana was most pleased with you.
You visited 2 branches of the dungeon, and saw 14 of its levels.

You collected 760 gold pieces.
You spent 341 gold pieces at shops.

Inventory:

Hand Weapons
 a - a +0 trident
 A - the +6 long sword "Ymeekk" (weapon) {freeze, Will+ Str-2 Int+3 Dex+2}
   (You found it on level 5 of the Dungeon)

   Str-2:     It affects your strength (-2).
   Int+3:     It affects your intelligence (+3).
   Dex+2:     It affects your dexterity (+2).
   Will+:     It increases your willpower.
Missiles
 d - 6 throwing nets
Armour
 b - a +0 leather armour
 c - a +0 helmet (worn)
 n - a +0 cloak
 E - the +1 leather armour "Sinek" {rCorr Int+2}
   (You found it on level 6 of the Dungeon)

   Int+2:     It affects your intelligence (+2).
   rCorr:     It protects you from acid and corrosion.
 H - a +2 cloak of preservation (worn)
 L - the +2 robe of the Game of Kings (worn) {rC+ Regen+}
   (You took it off an orc on level 7 of the Dungeon)

   rC+:       It protects you from cold.
   Regen+:    It increases your rate of health regeneration.
 Q - an orb of guile
 R - a +1 leather armour of cold resistance
Jewellery
 f - a +6 ring of dexterity (left hand)
 i - a ring of ice
 k - a +5 ring of evasion (right hand)
 t - a ring of wizardry
 x - an amulet of the acrobat
 F - a ring of see invisible
 I - a ring of fire
 J - a +4 ring of protection
 U - the amulet "Leoceda" (around neck) {+Inv Regen+ Int+3}
   (You found it on level 9 of the Dungeon)

   [amulet of regeneration]

   Int+3:     It affects your intelligence (+3).
   +Inv:      It lets you turn invisible.
   Regen+:    It increases your rate of health regeneration.
Wands
 j - a wand of charming (16)
 z - a wand of flame (42)
 D - a wand of digging (5)
 G - a wand of polymorph (2)
 T - a wand of roots (7)
 Z - a wand of quicksilver (3)
Scrolls
 e - 3 scrolls of amnesia
 l - 9 scrolls of teleportation
 p - 2 scrolls of revelation
 r - a scroll of fear
 w - 4 scrolls of vulnerability
 y - a scroll of blinking
 M - a scroll of enchant weapon
 N - 3 scrolls of immolation
 O - 3 scrolls of noise
 P - a scroll of summoning
 S - a scroll of brand weapon
 W - a scroll of fog
Potions
 g - 6 potions of heal wounds
 h - a potion of attraction
 m - a potion of resistance {unknown}
 o - 4 potions of lignification
 q - 4 potions of brilliance
 s - 2 potions of magic {unknown}
 u - 2 potions of enlightenment {unknown}
 v - a potion of might
 B - a potion of degeneration
 C - 7 potions of curing
 K - a potion of ambrosia {unknown}
 V - a potion of haste
 X - a potion of berserk rage
 Y - a potion of cancellation


   Skills:
 - Level 9.0 Fighting
 - Level 5.0 Long Blades
 - Level 9.0 Polearms
 - Level 2.0 Throwing
 - Level 10.0 Dodging
 - Level 6.8 Spellcasting
 - Level 17.2 Alchemy
 + Level 3.4 Evocations


You had 13 spell levels left.
You knew the following spells:

 Your Spells              Type           Power      Damage    Failure   Level
a - Olgreb's Toxic Radia  Alch           54%        N/A       1%          4
b - Mercury Vapours       Alch/Air       60%        N/A       1%          2
c - Yara's Violent Unrav  Hex/Alch       15%        3d8       11%         5

Your spell library contained the following spells:

 Spells                   Type           Power      Damage    Failure   Level
 Mephitic Cloud           Conj/Alch/Air  22%        N/A       3%          3
 Irradiate                Conj/Alch      15%        3d16      11%         5
 Necrotise                Necr           20%        1d5       14%         1
 Shock                    Conj/Air       20%        1d4       14%         1
 Jinxbite                 Hex            10%        N/A       21%         2
 Dazzling Flash           Conj/Hex       10%        N/A       38%         3
 Inner Flame              Hex/Fire       5%         N/A       38%         3
 Swiftness                Air            5%         N/A       38%         3
 Vampiric Draining        Necr           5%         2d6       38%         3
 Airstrike                Air            2%         2d(1-17)  80%         4
 Animate Armour           Summ/Erth      10%        N/A       80%         4
 Manifold Assault         Tloc           5%         N/A       80%         4
 Martyr's Knell           Necr/Summ      5%         N/A       80%         4
 Passage of Golubria      Tloc           5%         N/A       80%         4
 Summon Lightning Spire   Summ/Air       5%         N/A       80%         4
 Curse of Agony           Necr           5%         N/A       98%         5
 Freezing Cloud           Conj/Ice/Air   2%         6-21      98%         5
 Lee's Rapid Deconstruct  Erth           2%         3d5*      98%         5
 Silence                  Hex/Air        2%         N/A       98%         5
 Dispersal                Tloc           2%         N/A       100%        6
 Enfeeble                 Hex            2%         N/A       100%        7
 Ozocubu's Refrigeration  Ice            2%         4d8       100%        7
 Discord                  Hex            2%         N/A       100%        8
 Disjunction              Tloc           2%         N/A       100%        8
 Ignition                 Fire           2%         3d3       100%        8
 Lehudib's Crystal Spear  Conj/Erth      2%         10d2      100%        8


Dungeon Overview and Level Annotations

Branches:
Dungeon (13/15)            Temple (1/1) D:7            Lair (0/5) D:11
    Orc (0/2) D:10
 Vaults: D:13-14

Altars:
Ashenzari
Cheibriados
Dithmenos
Elyvilon
Fedhas
Gozag
Hepliaklqana
Kikubaaqudgha
Makhleb
Nemelex Xobeh
Okawaru
Qazlal
Ru
Sif Muna
Trog
Uskayaw
Vehumet
Wu Jian
Xom
Yredelemnul
Zin
The Shining One
Jiyva

Shops:
D:2 !   D:4 [   D:5 *

Portals:
Trove: D:11 (give 13 scrolls of teleportation)

Annotations:
D:10 3 runed translucent doors, yetimobile's ghost, journeyman AtFi


Innate Abilities, Weirdness & Mutations

Your life essence is reduced to manifest your ancestor. (-10% HP)
((You are very nimble when in or above water. (Stealth+, EV+, Speed+++)))
Your lower body shifts to a powerful aquatic tail in water.


Message History

The centaur warrior shoots an arrow.
The arrow hits you!!
A basilisk comes into view.
The centaur warrior shoots an arrow.
The arrow completely misses you.
Unknown command.
Unknown command.
You swap places.
The basilisk is poisoned.
Unknown command.
The centaur warrior looks even sicker.
Your toxic aura wanes.
The centaur warrior shoots an arrow.
The arrow hits Caliana!
The centaur warrior shoots an arrow.
The arrow barely misses Caliana.
The arrow hits you!
The centaur warrior shoots an arrow.
The arrow hits Caliana!
The centaur warrior shoots an arrow.
The arrow hits Caliana!!
Caliana is destroyed!
The centaur warrior shoots an arrow.
The arrow completely misses you.
A fire bat comes into view.
The centaur warrior shoots an arrow.
The arrow barely misses you.
The centaur warrior shoots an arrow.
The arrow hits you.
The centaur warrior shoots an arrow.
The arrow barely misses you.
The centaur warrior shoots an arrow.
The arrow barely misses you.
The centaur warrior shoots an arrow.
The arrow hits you!
Casting: Olgreb's Toxic Radiance (safe; 1% risk of failure)
Confirm with . or Enter, or press ? or * to list all spells.
You can't see any susceptible monsters within range! (Use Z to cast anyway.) Unknown command.
The centaur warrior shoots an arrow.
The arrow hits you!
* * * LOW HITPOINT WARNING * * *
Casting: Olgreb's Toxic Radiance (safe; 1% risk of failure)
Confirm with . or Enter, or press ? or * to list all spells.
You can't see any susceptible monsters within range! (Use Z to cast anyway.)
The centaur warrior shoots an arrow.
The arrow misses you.
The centaur warrior shoots an arrow.
The arrow misses you.
The centaur warrior shoots an arrow.
The arrow closely misses you.
The centaur warrior shoots an arrow.
The arrow hits you!
* * * LOW HITPOINT WARNING * * *
The centaur warrior shoots an arrow.
The arrow hits you.
* * * LOW HITPOINT WARNING * * *
The centaur warrior shoots an arrow.
The arrow hits you!!
You die...

.. ... #...<..# # ..
... #......# . .. ...
####'### #.#. #.#
###.# #.#. #.# #...#
b.. #.# #.### #.##.#
##.###### #c...##
#.......#
#l##..#######@......#
...
#..c..........>..#
..c#.
#..c######.......#
l#.#.....## #.......#
c...##..# #.......#
##.#. #..# #.......#
. .. ..## #)......#
##.# #.......# ..
#.......#


You could see 2 centaur warriors.

Vanquished Creatures
  A centaur warrior (D:13)
  2 two-headed ogres
  A deep elf pyromancer (D:12)
  2 cyclopes
  Maurice (D:7)
  2 manticores
  An unseen horror (D:11)
  Joseph (D:7)
  Jeremiah (D:8)
  A kobold demonologist (D:12)
  A freezing wraith (D:12)
  5 trolls
  A guardian mummy (D:11)
  The ghost of MisterAzrael the Ducker, an amateur OpSh of Lugonu (D:3)
  A wraith (D:12)
  A vampire (D:12)
  17 yaks
  5 humans (D:6)
  2 wyverns
  A steam dragon (D:9)
  A water moccasin (D:5)
  2 orc warriors (D:10)
  A black bear (D:5)
  2 ogres
  2 centaurs
  7 kobold brigands
  A bullfrog (D:6)
  2 gnoll sergeants
  2 scorpions
  9 killer bees
  2 howler monkeys (D:8)
  2 crimson imps (D:10)
  6 jellies
  2 bombardier beetles
  2 gnoll boudas
  9 orc priests
  A hound (D:6)
  4 iguanas
  7 orc wizards
  2 sleepcaps
  13 adders
  14 gnolls
  4 white imps
  2 ufetubi
  2 dart slugs
  A ribbon worm (D:4)
  28 orcs
  8 ball pythons
  2 bats (D:1)
  11 endoplasms
  2 giant cockroaches
  5 goblins
  3 hobgoblins
  36 kobolds
  4 quokkas
  A frilled lizard (D:1)
  2 rats
252 creatures vanquished.

Vanquished Creatures (collateral kills)
  A death knight (D:11)
  An arcanist (D:9)
  A cyclops (D:11)
  2 freezing wraiths (D:12)
  A kobold demonologist (D:11)
  A hornet (D:11)
  3 slime creatures (D:12)
  A shadow (D:10)
  6 yaks
  An acid dragon (D:8)
  3 wights (D:9)
  A killer bee (D:11)
  A howler monkey (D:8)
  2 crimson imps (D:10)
  2 orc wizards (D:9)
  3 gnolls (D:8)
  A white imp (D:10)
  2 orcs
  3 kobolds
36 creatures vanquished.

Vanquished Creatures (others)
  8 battlemagi
  An orc wizard (D:5)
9 creatures vanquished.

Grand Total: 297 creatures vanquished

Notes
Turn   | Place    | Note
-------+----------+-------------------------------------------
     0 | D:1      | Newt the Merfolk Gladiator began the quest for the Orb.
     0 | D:1      | Reached XP level 1. HP: 16/16 MP: 1/1
   190 | D:1      | Reached XP level 2. HP: 23/23 MP: 2/2
   614 | D:1      | Reached XP level 3. HP: 25/30 MP: 3/3
   829 | D:2      | Found a faded altar of an unknown god.
  1307 | D:2      | Found Lolairchu's Distillery.
  1311 | D:2      | Bought a potion of curing for 33 gold pieces
  1380 | D:3      | Found a runed translucent gate.
  1380 | D:3      | Found a runed translucent gate.
  1383 | D:3      | Noticed MisterAzrael's ghost (amateur OpSh)
  1384 | D:3      | Found a runed translucent gate.
  1384 | D:3      | Noticed a kobold brigand
  1649 | D:3      | Reached XP level 4. HP: 37/37 MP: 4/4
  1659 | D:3      | Reached skill level 5 in Polearms
  1659 | D:3      | Found an iron altar of Okawaru.
  1892 | D:4      | Noticed an ogre
  1902 | D:4      | Killed an ogre
  1903 | D:4      | Reached XP level 5. HP: 42/42 MP: 5/5
  1991 | D:4      | Reached XP level 6. HP: 47/48 MP: 6/6
  2153 | D:5      | Entered Level 5 of the Dungeon
  3119 | D:4      | Found Copushe's Armour Shop.
  3292 | D:4      | Reached XP level 7. HP: 50/54 MP: 7/7
  3393 | D:2      | Bought a potion of heal wounds for 55 gold pieces
  3560 | D:5      | Reached skill level 5 in Dodging
  3638 | D:5      | Found Estoguty's Serpentskin Sales.
  4057 | D:5      | Reached skill level 5 in Fighting
  4103 | D:5      | Identified the +6 long sword "Ymeekk" {freeze, Will+ Str-2
                  | Int+3 Dex+2}
  4419 | D:5      | Reached skill level 1 in Long Blades
  4555 | D:5      | Reached XP level 8. HP: 56/63 MP: 8/8
  4783 | D:6      | Identified the +1 leather armour "Sinek" {rCorr Int+2}
  4836 | D:6      | Reached skill level 5 in Long Blades
  4836 | D:6      | Reached skill level 1 in Spellcasting
  4836 | D:6      | Reached skill level 2 in Alchemy
  4841 | D:6      | Reached skill level 3 in Alchemy
  4851 | D:6      | Reached skill level 4 in Alchemy
  5260 | D:7      | Identified the +2 robe of the Game of Kings {rC+ Regen+}
  5388 | D:7      | Reached skill level 5 in Alchemy
  5388 | D:7      | Reached XP level 9. HP: 66/68 MP: 12/14
  5398 | D:7      | Learned a level 4 spell: Olgreb's Toxic Radiance
  5449 | D:7      | Noticed Maurice
  5454 | D:7      | Found a staircase to the Ecumenical Temple.
  5467 | Temple   | Entered the Ecumenical Temple
  5484 | Temple   | Became a worshipper of Hepliaklqana the Forgotten
  5537 | D:7      | Maurice stole a ring of wizardry
  5539 | D:7      | Killed Maurice
  5540 | D:7      | Reached skill level 6 in Alchemy
  5960 | D:6      | Reached skill level 7 in Alchemy
  6109 | D:6      | Reached skill level 5 in Spellcasting
  6383 | D:3      | Killed MisterAzrael's ghost
  6384 | D:3      | Reached skill level 8 in Alchemy
  6975 | D:7      | Reached * piety under Hepliaklqana
  6997 | D:7      | Noticed Joseph
  7009 | D:7      | Killed Joseph
  7493 | D:8      | Reached skill level 9 in Alchemy
  7614 | D:8      | Reached XP level 10. HP: 66/66 MP: 14/19
  8135 | D:8      | Reached ** piety under Hepliaklqana
  8136 | D:8      | Remembered your ancestor Caliana as a battlemage
  8351 | D:8      | Noticed Jeremiah
  8373 | D:8      | Killed Jeremiah
  8374 | D:8      | Reached skill level 10 in Alchemy
  8522 | D:9      | Noticed a two-headed ogre
  8587 | D:9      | Killed a two-headed ogre
  8588 | D:9      | Reached skill level 11 in Alchemy
  8861 | D:9      | Reached skill level 12 in Alchemy
  8866 | D:9      | Identified the amulet "Leoceda" {+Inv Regen+ Int+3}
  9138 | D:9      | Reached skill level 13 in Alchemy
  9189 | D:9      | Noticed an arcanist
  9193 | D:9      | Killed an arcanist
  9319 | D:9      | Learned a level 2 spell: Mercury Vapours
  9436 | D:2      | Bought a potion of haste for 110 gold pieces
  9436 | D:2      | Bought a potion of berserk rage for 55 gold pieces
  9436 | D:2      | Bought a potion of cancellation for 88 gold pieces
  9640 | D:10     | Entered Level 10 of the Dungeon
  9646 | D:10     | Reached skill level 14 in Alchemy
  9646 | D:10     | Reached XP level 11. HP: 72/72 MP: 16/21
  9721 | D:10     | Reached skill level 15 in Alchemy
  9869 | D:10     | Found a staircase to the Orcish Mines.
  9924 | D:10     | Found a runed translucent gate.
  9924 | D:10     | Found a runed translucent gate.
  9924 | D:10     | Found a runed translucent gate.
  9924 | D:10     | Noticed yetimobile's ghost (journeyman AtFi)
  9974 | D:10     | Reached skill level 16 in Alchemy
 10107 | D:10     | Noticed a two-headed ogre
 10114 | D:10     | Killed a two-headed ogre
 10396 | D:10     | Found a viscous altar of Jiyva.
 10429 | D:11     | Reached *** piety under Hepliaklqana
 10452 | D:11     | Reached skill level 17 in Alchemy
 10455 | D:11     | Found a portal to a secret trove of treasure.
 10556 | D:11     | Noticed a cyclops
 10558 | D:11     | Noticed a manticore
 10564 | D:11     | Killed a cyclops
 10568 | D:11     | Killed a manticore
 10785 | D:11     | Noticed a cyclops
 10789 | D:11     | Killed a cyclops
 10863 | D:11     | Found a staircase to the Lair.
 10889 | D:11     | Reached XP level 12. HP: 83/83 MP: 17/22
 11148 | D:11     | Learned a level 5 spell: Yara's Violent Unravelling
 11554 | D:12     | Noticed a death knight
 11709 | D:11     | Killed a death knight
 11755 | D:12     | Reached skill level 10 in Dodging
 11797 | D:12     | Reached skill level 1 in Evocations
 11932 | D:13     | Noticed a centaur warrior
 11944 | D:13     | Killed a centaur warrior
 11989 | D:13     | Noticed a centaur warrior
 11989 | D:13     | Noticed a centaur warrior
 12005 | D:13     | Shot with an arrow by a centaur warrior

Illustrated notes

Levels and vault maps discovered:
D:1:      dpeg_arrival_orchard, layout_basic
D:2:      layout_basic, serial_shops, nicolae_shop_back_alley_shop,
          shapermc_ecumenical_altar_mp_urbaneastern
D:3:      layout_rooms, old_standard_altar, gammafunk_ghost_nasty_kobolds
D:4:      layout_basic, serial_shops, shop
D:5:      kennysheep_spiral_hall, layout_basic, guppyfry_shop_venom
D:6:      layout_basic, minmay_misc_feat_ornament, minmay_ruffians
D:7:      layout_layer_cave, minmay_temple_entry_statues_pillars, uniq_joseph,
          uniq_maurice
D:8:      layout_basic, uniq_jeremiah
D:9:      layout_loops_ring, minmay_librarian
D:10:     layout_long_grid, david_orc_2, gammafunk_ghost_ooze,
          minmay_fire_ice_demons
D:11:     layout_roguey, lair_entry_dummy, nicolae_trove_entry_path_of_doom,
          patterned_corridor
D:12:     layout_rooms
D:13:     layout_roguey, david_vaults_2, minmay_diced_spiral
Temple:   mainiacjoe_temple_circle_huts

Skill      XL: |  1  2  3  4  5  6  7  8  9 10 11 12 |
---------------+-------------------------------------+-----
Fighting       | 3 4 5 8 9 |  9.0
Polearms       | 6 7 9 |  9.0
Dodging        | 6 10 | 10.0
Long Blades    | 2 5 |  5.0
Spellcasting   | 3 6 |  6.8
Alchemy        | 5 9 14 17 | 17.2
Evocations     | 3 |  3.4
Throwing       | |  2.0

Action                     |  1- 3 |  4- 6 |  7- 9 | 10-12 || total
---------------------------+-------+-------+-------+-------++-------
  Melee: Trident           |    92 |   121 |    87 |       ||   300
         Punch             |     2 |     1 |     4 |     1 ||     8
         Long sword        |       |       |   149 |   229 ||   378
  Throw: Throwing net      |       |     4 |     1 |       ||     5
         Javelin           |       |     1 |       |       ||     1
   Cast: Olgreb's Toxic Ra |       |       |     6 |    30 ||    36
         Mercury Vapours   |       |       |       |     7 ||     7
 Invoke: Ancestor Life: Ba |       |       |       |     1 ||     1
  Evoke: Wand              |       |       |       |     6 ||     6
    Use: Scroll            |     1 |       |     6 |     9 ||    16
         Potion            |       |     2 |     1 |       ||     3
   Stab: Sleeping          |     7 |     3 |     1 |     3 ||    14
         Held in net/web   |       |     4 |       |       ||     4
         Distracted        |       |     1 |       |     8 ||     9
 Armour: Leather armour    |    23 |    34 |    88 |       ||   145
         Robe              |       |       |     7 |   133 ||   140
  Dodge: Dodged            |    55 |    79 |   253 |   285 ||   672

Table legend: (Time is in decaauts)
 A = Elapsed time spent in this place.
 B = Non-inter-level travel time spent in this place.
 C = Inter-level travel time spent in this place.
 D = Time resting spent in this place.
 E = Time spent auto-exploring this place.
 F = Levels seen in this place.
 G = Mean time per level.
                   A        B        C        D        E       F      G
               +--------+--------+--------+--------+--------+-----+--------+
         Total |  12074 |  11113 |    961 |   1852 |   7358 |  14 |  862.4 |
       Dungeon |  12039 |  11111 |    928 |   1852 |   7358 |  13 |  926.1 |
        Temple |     34 |      1 |     33 |      0 |      0 |   1 |   34.0 |
               +--------+--------+--------+--------+--------+-----+--------+

Top non-repeatable levels by time:
     D:5: 1832 daAuts
     D:6: 1301 daAuts
     D:8: 1203 daAuts
     D:4: 1101 daAuts
     D:7: 1055 daAuts
    D:11: 907 daAuts
    D:10: 893 daAuts
     D:2: 873 daAuts
     D:9: 871 daAuts
     D:3: 743 daAuts
     D:1: 668 daAuts
    D:12: 503 daAuts
    D:13: 84 daAuts
  Temple: 34 daAuts
